 Dungeon Crawl Stone Soup version 0.30-a0-672-gc3a7216ad8 (webtiles) character file.

Game seed: 11387704136275657159

1025 bande the Cleaver (level 8, -1/68 HPs)
             Began as a Hill Orc Fighter on Jan 19, 2023.
             Frozen to death by Loveship's ghost (16 damage)
             ... on level 5 of the Dungeon.
             The game lasted 00:08:57 (4907 turns).

bande the Cleaver (Hill Orc Fighter)                Turns: 4907, Time: 00:08:58

Health: -1/68      AC: 12    Str: 19    XL:     8   Next: 23%
Magic:  8/8        EV:  5    Int:  8    God:
Gold:   281        SH: 15    Dex: 18    Spells: 7/7 levels left

rFire   . . .      SeeInvis .    a - +0 war axe
rCold   . . .      Faith    .    c - +0 buckler
rNeg    . . .      Spirit   .    t - +0 plate armour
rPois   .          Reflect  +    (no helmet)
rElec   .          Harm     .    (no cloak)
rCorr   .          Rampage  .    (no gloves)
Will    .....                    (no boots) Stlth
                                 k - amulet of reflection
HPRegen 0.31/turn                b - +4 ring of slaying
MPRegen 0.11/turn                A - +6 ring of dexterity

@: no status effects
A: large bone plates 1
a: no special abilities


You were on level 5 of the Dungeon.
You visited 1 branch of the dungeon, and saw 5 of its levels.
You also visited: Sewer.

You collected 281 gold pieces.

Inventory:

Hand Weapons
 a - a +0 war axe (weapon)
 f - a +0 flail
Armour
 c - a +0 buckler (worn)
 t - a +0 plate armour (worn)
Jewellery
 b - a +4 ring of slaying (left hand)
 k - an amulet of reflection (around neck)
 A - a +6 ring of dexterity (right hand)
 B - a ring of resist corrosion
Wands
 m - a wand of polymorph (12)
Scrolls
 e - a scroll of magic mapping
 p - a scroll of blinking
 u - 3 scrolls of fear
 x - a scroll of fog
 y - a scroll of amnesia
Potions
 d - 4 potions of might
 g - 2 potions of resistance
 h - 5 potions of curing
 i - 2 potions of heal wounds {unknown}
 j - a potion of flight {unknown}
 o - a potion of cancellation {unknown}
 q - 3 potions of brilliance
 r - 4 potions of attraction {unknown}
 s - a potion of magic {unknown}
 v - 2 potions of haste
 w - 4 potions of invisibility {unknown}


   Skills:
 + Level 5.3 Fighting
 + Level 8.4 Axes
 + Level 5.6 Armour
 - Level 0.1 Stealth
 + Level 5.0 Shields
 * Level 2.4 Evocations


You had 7 spell levels left.
You didn't know any spells.
Your spell library contained the following spells:

 Spells                   Type           Power      Damage    Failure   Level
 Hailstorm                Conj/Ice       0%         3d3       100%        3
 Ice Form                 Ice/Tmut       0%         N/A       100%        4
 Simulacrum               Ice/Necr       0%         N/A       100%        6


Dungeon Overview and Level Annotations

Branches:
Dungeon (5/15)             Temple (0/1) D:5           Sewer (visited)

Altars:
Hepliaklqana
Wu Jian
Zin

Annotations:
D:5 Loveship's ghost, novice DsIE; Soil's ghost, amateur TeFi; wormed's ghost, novice OpRe


Innate Abilities, Weirdness & Mutations

You are partially covered in large bone plates. (SH +4)


Message History

Loveship's ghost freezes you.
You are frozen!
Wormed's ghost barely misses you. Soil's ghost hits you.
You slash Loveship's ghost!
Loveship's ghost is severely damaged.
You barely miss Soil's ghost. You barely miss wormed's ghost.
You block Loveship's ghost's attack. You block wormed's ghost's attack.
You block Soil's ghost's attack.
Unknown command.
You hit Loveship's ghost.
Loveship's ghost is severely damaged.
You closely miss Soil's ghost.
You hit wormed's ghost but do no damage.
Loveship's ghost hits you but does no damage.
You block wormed's ghost's attack. Soil's ghost barely misses you.
Loveship's ghost shouts, "You will join me soon!"
You block Loveship's ghost's attack.
Wormed's ghost shouts, "You must not fail where I succeeded!"
Wormed's ghost hits you but does no damage.
Soil's ghost barely misses you.
Unknown command.
You miss Loveship's ghost.
Loveship's ghost is severely damaged.
You hit Soil's ghost but do no damage. You slash wormed's ghost!
Loveship's ghost hits you! You block wormed's ghost's attack.
You block Soil's ghost's attack.
You hit Loveship's ghost.
Loveship's ghost is severely damaged.
You hit Soil's ghost. You closely miss wormed's ghost.
Loveship's ghost freezes you.
You are frozen!
* * * LOW HITPOINT WARNING * * *
You block wormed's ghost's attack. You block Soil's ghost's attack.
Unknown command.
You slash Loveship's ghost!
Loveship's ghost is almost destroyed.
You hit wormed's ghost but do no damage.
You hit Soil's ghost but do no damage. Loveship's ghost freezes you.
You are frozen!
You die...

######...# #................
.........##########.#..##########
#######............#.............
)..#..†.#.#########.############.
##.##.#.###.♣⌠♣####.# #.
#.##.##.##8....#....# #.
#..#..#.#......#....# #.
#.##.####$..?..'....# #########.
..#†.# 8.....W@...####.........
#.##.# $.....WW................
.##.## $.....#...#####.######..
.....#####8....#...# #.# #..
######...##?♣⌠♣###.# #.######..
#### ###..#### #...# #.........
##.#####.########..# #########.
...................# #####.
..#...###########.## #...##


You could see Loveship's ghost, Soil's ghost and wormed's ghost.

Vanquished Creatures
  An ogre (D:5)
  3 scorpions
  4 kobold brigands (Sewer)
  4 hounds (D:5)
  A gnoll bouda (D:5)
  An iguana (D:4)
  2 orc wizards
  Robin (D:3)
  7 adders
  4 gnolls (D:5)
  A white imp (D:5)
  2 ufetubi (D:4)
  2 worms (D:2)
  2 dart slugs
  13 orcs
  5 bats
  9 endoplasms
  5 giant cockroaches
  13 goblins
  15 hobgoblins
  9 jackals
  9 ball pythons
  6 frilled lizards
  15 kobolds
  11 rats
145 creatures vanquished.

Vanquished Creatures (others)
  4 fungi (D:4)
  6 plants (Sewer)
10 creatures vanquished.

Grand Total: 155 creatures vanquished

Notes
Turn   | Place    | Note
-------+----------+-------------------------------------------
     0 | D:1      | bande the Hill Orc Fighter began the quest for the Orb.
     0 | D:1      | Reached XP level 1. HP: 19/19 MP: 1/1
    43 | D:1      | Found a faded altar of an unknown god.
   157 | D:1      | Reached XP level 2. HP: 27/27 MP: 2/2
   230 | D:1      | Reached skill level 3 in Axes
   468 | D:1      | Reached XP level 3. HP: 24/33 MP: 3/3
  1235 | D:2      | Reached XP level 4. HP: 37/40 MP: 4/4
  1377 | D:2      | Reached skill level 4 in Axes
  2128 | D:3      | Noticed Robin
  2130 | D:3      | Reached XP level 5. HP: 41/46 MP: 5/5
  2160 | D:3      | Killed Robin
  2235 | D:3      | Found a glowing drain.
  2250 | Sewer    | Entered a sewer
  2309 | Sewer    | Noticed a kobold brigand
  2309 | Sewer    | Noticed a kobold brigand
  2319 | Sewer    | Killed a kobold brigand
  2320 | Sewer    | Reached skill level 5 in Axes
  2321 | Sewer    | Killed a kobold brigand
  2322 | Sewer    | Reached XP level 6. HP: 16/53 MP: 6/6
  2646 | Sewer    | Reached skill level 6 in Axes
  3069 | D:3      | Reached XP level 7. HP: 60/60 MP: 7/7
  3419 | D:4      | Reached skill level 5 in Armour
  3647 | D:4      | Reached skill level 7 in Axes
  3647 | D:4      | Reached skill level 1 in Evocations
  4022 | D:4      | Found a glowing silver altar of Zin.
  4211 | D:5      | Entered Level 5 of the Dungeon
  4219 | D:5      | Gained mutation: You sometimes lose your temper in combat.
                  | [potion of mutation]
  4220 | D:5      | Lost mutation: You sometimes lose your temper in combat.
                  | [potion of mutation]
  4220 | D:5      | Gained mutation: You have a somewhat thin skeletal
                  | structure. (Dex +2, Stealth+) [potion of mutation]
  4220 | D:5      | Gained mutation: You are partially covered in large bone
                  | plates. (SH +4) [potion of mutation]
  4220 | D:5      | Lost mutation: You have a somewhat thin skeletal structure.
                  | (Dex +2, Stealth+) [potion of mutation]
  4235 | D:5      | Found a staircase to the Ecumenical Temple.
  4396 | D:5      | Reached skill level 5 in Fighting
  4502 | D:5      | Found a runed translucent gate.
  4502 | D:5      | Found a runed translucent gate.
  4502 | D:5      | Found a runed translucent gate.
  4503 | D:5      | Noticed Loveship's ghost (novice DsIE)
  4503 | D:5      | Noticed Soil's ghost (amateur TeFi)
  4503 | D:5      | Noticed wormed's ghost (novice OpRe)
  4549 | D:5      | Reached skill level 8 in Axes
  4549 | D:5      | Reached XP level 8. HP: 67/68 MP: 8/8
  4676 | D:5      | Reached skill level 5 in Shields
  4781 | D:5      | Found a hazy altar of Hepliaklqana.
  4790 | D:5      | Found an ornate altar of the Wu Jian Council.
  4907 | D:5      | Frozen to death by Loveship's ghost

Illustrated notes

Levels and vault maps discovered:
D:1:      lightli_arrival_chessboard, layout_loops_ring,
          ebering_ecumenical_altar_box
D:2:      layout_loops_cross
D:3:      minmay_inner_zag, layout_rooms, cheibrodos_sewer_entry_sluice,
          minmay_misc_feat_square, uniq_robin
D:4:      layout_rooms, mainiacjoe_overflow_chevrons, serial_curves,
          eino_curves_01, eino_curves_03, minivault_1, grunt_ministairs_1,
          grunt_decor_junction
D:5:      minmay_angry_zag, layout_loops_ring, mainiacjoe_overflow_swirl,
          minmay_temple_entry_arrows, gammafunk_ghost_cemetery,
          hangedman_decor_clover_reticule

Skill      XL: |  1  2  3  4  5  6  7  8 |
---------------+-------------------------+-----
Axes           | 3 4 5 6 8 |  8.4
Fighting       | 4 5 |  5.3
Armour         | 4 5 |  5.6
Shields        | 4 5 |  5.0
Evocations     | 2 |  2.4
Stealth        | |  0.1

Action                   |  1- 3 |  4- 6 |  7- 9 || total
-------------------------+-------+-------+-------++-------
Melee: War axe           |   128 |   164 |   120 ||   412
  Use: Scroll            |       |     9 |     7 ||    16
       Potion            |       |       |     2 ||     2
Armor: Scale mail        |    59 |     6 |       ||    65
       Plate armour      |       |    90 |    53 ||   143
Dodge: Dodged            |    63 |    44 |    20 ||   127
Block: Buckler           |    30 |    84 |    73 ||   187
       Reflection        |       |     4 |     1 ||     5

Table legend: (Time is in decaauts)
 A = Elapsed time spent in this place.
 B = Non-inter-level travel time spent in this place.
 C = Inter-level travel time spent in this place.
 D = Time resting spent in this place.
 E = Time spent auto-exploring this place.
 F = Levels seen in this place.
 G = Mean time per level.
                   A        B        C        D        E       F      G
               +--------+--------+--------+--------+--------+-----+--------+
         Total |   5071 |   5006 |     65 |    781 |   3105 |   6 |  845.2 |
       Dungeon |   4257 |   4192 |     65 |    292 |   2956 |   5 |  851.4 |
         Sewer |    814 |    814 |      0 |    489 |    148 |   1 |  814.0 |
               +--------+--------+--------+--------+--------+-----+--------+

Top non-repeatable levels by time:
     D:2: 907 daAuts
     D:3: 900 daAuts
     D:4: 872 daAuts
     D:1: 871 daAuts
   Sewer: 814 daAuts
     D:5: 705 daAuts
